[Event "Live Chess"]
[Site "Chess.com"]
[Date "2023.05.20"]
[Round "-"]
[White "mattihelenius2"]
[Black "martynstanley"]
[Result "0-1"]
[WhiteElo "450"]
[BlackElo "1020"]
[TimeControl "300"]
[EndTime "10:59:25 PDT"]
[Termination "martynstanley won by resignation"]

1. d4 e6 2. c4 d5 3. e3 c5 4. Nf3 Nc6 5. dxc5 Bxc5 6. b3 Qa5+ 7. Ke2 Qb6 8. Nc3 d4 9. Nb5 dxe3 10. fxe3 a6 11. Nd6+ Bxd6 12. Qxd6 Nge7 13. Ne5 O-O 14.
c5 Qd8 15. Qxd8 Nxd8 16. Bb2 f6 17. Ng4 e5 18. Rd1 Ndc6 19. Rd6 Bxg4+ 20. Kd2 Rad8 21. Rxd8 Rxd8+ 22. Kc3 Nd5+ 23. Kc2 Nxe3+ 24. Kc3 Nd5+ 25. Kc2 Ndb4+ 26. Kc3 Nxa2+ 27. Kc2 Bf5+ 28. Bd3 Bxd3+ 29. Kd2 Nab4 30. Rd1 Bg6+ 31. Kc3 Rxd1 32. Kc4 Rd2 33. Bc3 Rxg2 34. Bxb4 Nxb4 35. Kxb4 Rxh2 36. Ka5 Ra2+ 37. Kb4 Kf8 38. Kc4 Ke8 39. b4 Kd7 40. Kd5 Bh5 41. Kc4 Be2+ 42. Kd5 Rd2+ 43. Ke4 Kc6 44. Kf5 g6+ 45.
Ke6 f5 46. Kxe5 Kb5 47. Ke6 Kxb4 48. Ke7 Kxc5 49. Kf7 Rd6 50. Kg7 g5 51. Kxh7 Kc6 52.
Kg7 g4 53. Kf7 f4 54. Ke7 f3 55. Ke8 g3 0-1

[Event "Live Chess"]
[Site "Chess.com"]
[Date "2023.05.20"]
[Round "-"]
[White "lucaskk818"]
[Black "mach247"]
[Result "1-0"]
[WhiteElo "1885"]
[BlackElo "1298"]
[TimeControl "300"]
[EndTime "10:59:25 PDT"]
[Termination "lucaskk818 won by resignation"]

1. Nf3 d5 2. c4 dxc4 3. e3 b5 4. a4 Bd7 5. axb5 Bxb5 6. Nd4 c6 7. Qf3 Nd7 8. Nc3 Ne5 9. Qe4 Nd3+ 10. Bxd3 cxd3 11. Nxc6 Bxc6 12. Qxc6+ 1-0

[Event "Live Chess"]
[Site "Chess.com"]
[Date "2023.05.20"]
[Round "-"]
[White "jennybobby44"]
[Black "Reggie016"]
[Result "1-0"]
[WhiteElo "1851"]
[BlackElo "1072"]
[TimeControl "300"]
[EndTime "10:59:26 PDT"]
[Termination "jennybobby44 won by resignation"]

1. Nf3 e6 2. g3 f5 3. Bg2 Nf6 4. d4 c5 5. c4 Nc6 6. O-O Be7 7. d5 exd5 8. cxd5 Nb4 9. d6 Bf8 10.
Nc3 Qb6 11. Bf4 Nbd5 12. Nxd5 Nxd5 13. Qxd5 1-0

[Event "Live Chess"]
[Site "Chess.com"]
[Date "2023.05.20"]
[Round "-"]
[White "1600x"]
[Black "Vladyslav2008"]
[Result "1-0"]
[WhiteElo "1564"]
[BlackElo "2178"]
[TimeControl "300"]
[EndTime "10:59:42 PDT"]
[Termination "1600x won by resignation"]

1. d4 Nf6 2. Nf3 d5 3. Nbd2 c5 4. dxc5 Nc6 5. c3 a5 6. b4 axb4 7. cxb4 Nxb4 8. Qb3 Nc6 9. Bb2 e6 10. Qc3 Ne4 11. Nxe4 dxe4 12. Rd1 Qe7 13. Nd2 Qxc5 14. Qxc5 Bxc5 15. Bxg7 Rg8 16. Nxe4 Bb4+ 17. Bc3 Rxa2 18. Nf6+ Kf8 19. Bxb4+ Nxb4 20. Rd8+ Ke7 21. Rxg8 Kxf6 22. Rxc8 Nc2+ 23. Kd1 Nd4 24. Rc7 b5 25. e3 Nb3 26.
Rc1 Nxc1 27. Kxc1 Rxf2 28. g4 b4 29. Bd3 h6 30. Kd1 Ra2 31. Rf1+ Ke7 32. Bc2 b3 33. Bxb3 Rxh2 34. Bc4 Rh4 35. Be2 Rh3 36. Kd2 f6 37.
Rf4 e5 38. Ra4 Kf7 39. Ra7+ Kg6 40. Bd3+ Kg5 41. Rg7+ Kh4 42. Rg6 Rh2+ 43. Be2 1-0

[Event "Live Chess"]
[Site "Chess.com"]
[Date "2023.05.20"]
[Round "-"]
[White "yeetpizza74"]
[Black "hturner40"]
[Result "0-1"]
[WhiteElo "448"]
[BlackElo "1820"]
[TimeControl "300"]
[EndTime "10:59:52 PDT"]
[Termination "hturner40 won by checkmate"]

1. e4 Nc6 2. d4 e5 3. Nf3 exd4 4. Nxd4 Nf6 5. Nc3 Nxe4 6. Nxe4 Qe7 7. Bd3 Nxd4 8. O-O d5 9. Re1 dxe4 10. Rxe4 Ne6 11.
Bc4 Bd7 12. Bxe6 fxe6 13. Bf4 O-O-O 14. Qd2 Bc6 15. Re3 Rxd2 16. Rc1 Qd7 17. Ree1 Qd5 18. Bxd2 Qxg2# 0-1

[Event "Live Chess"]
[Site "Chess.com"]
[Date "2023.05.20"]
[Round "-"]
[White "NAZRIZ1977"]
[Black "Lewstar1"]
[Result "1-0"]
[WhiteElo "2181"]
[BlackElo "454"]
[TimeControl "300"]
[EndTime "11:00:01 PDT"]
[Termination "NAZRIZ1977 won by resignation"]

1. c4 e5 2. g3 Nf6 3. Bg2 Nc6 4. Nc3 g6 5. Nf3 Bg7 6. d3 O-O 7. Bg5 h6 8. Bxf6 Bxf6 9. O-O Re8 10. Rb1 b6 11. b4 Bb7 12. Nd2 Rb8 13. Qa4 Kg7 14.
Nde4 a6 15. Nd5 Re6 16. Ndxf6 Rxf6 17. Nxf6 Kxf6 18. Qb3 Nd4 19. Qd1 Bxg2 20. Kxg2 c5 21. e3 Ne6 22. Qf3+ Kg7 23. Rb2 b5 24. Rfb1 bxc4 25. dxc4 cxb4 26. Rxb4 Rxb4 27. Rxb4 Qa5 28. Qb7 Nc5 29. Qb6 Qxb6 30. Rxb6 Nd3 31. Rxa6 Ne1+ 32.
Kf1 Nf3 33. h4 Nh2+ 34. Ke2 Ng4 35. a4 f5 36. a5 Nf6 37. Ra7 Ne8 38. a6 Nd6 39.
Rxd7+ 1-0

[Event "Live Chess"]
[Site "Chess.com"]
[Date "2023.05.20"]
[Round "-"]
[White "yarek"]
[Black "Kr1xot4_XGOD"]
[Result "0-1"]
[WhiteElo "1893"]
[BlackElo "2213"]
[TimeControl "300"]
[EndTime "11:00:02 PDT"]
[Termination "Kr1xot4_XGOD won by checkmate"]

1. e4 c5 2. Nf3 e6 3. d4 cxd4 4. c3 dxc3 5. Nxc3 Nc6 6. Bc4 a6 7. O-O Nge7 8. Bf4 Ng6 9. Bg3 h5 10. h3 b5 11. Bd3 d6 12. Qe2 Be7 13. Rfd1 h4 14. Bh2 Qb6 15. e5 Ngxe5 16. Nxe5 dxe5 17.
Bxe5 Nxe5 18. Qxe5 Bf6 19. Qe2 O-O 20. Qe4 Rd8 21.
Qxa8 Bb7 22. Bh7+ Kxh7 23. Rxd8 Bxd8 24. Qb8 Qc6 25. Qf4 Qxg2# 0-1

[Event "Live Chess"]
[Site "Chess.com"]
[Date "2023.05.20"]
[Round "-"]
[White "raminguy"]
[Black "luckywookie"]
[Result "1-0"]
[WhiteElo "1985"]
[BlackElo "729"]
[TimeControl "300"]
[EndTime "11:00:11 PDT"]
[Termination "raminguy won by checkmate"]

1. d4 c6 2. Nc3 d5 3. Bf4 e6 4.
e3 Ne7 5. Nf3 Nf5 6. Bd3 Bd6 7.
Ne5 Bxe5 8. Bxe5 f6 9. Bf4 e5 10. dxe5 fxe5 11. Bxe5 Nd7 12. Bg3 Nxg3 13. hxg3 Ne5 14.
Qh5+ g6 15. Bxg6+ hxg6 16. Qxh8+ Kd7 17. Rh7+ Kd6 18. Qxd8+ Bd7 19. Rxd7+ Nxd7 20. Qxa8 d4 21. O-O-O Kc5 22. Qxa7+ b6 23. exd4+ Kc4 24. Qa4# 1-0

[Event "Live Chess"]
[Site "Chess.com"]
[Date "2023.05.20"]
[Round "-"]
[White "Chesscoach_Golichenko"]
[Black "Daniel_Gliddon_FA"]
[Result "1-0"]
[WhiteElo "2653"]
[BlackElo "1280"]
[TimeControl "300"]
[EndTime "11:00:21 PDT"]
[Termination "Chesscoach_Golichenko won by resignation"]

1. d4 Nf6 2. c4 g6 3. Nc3 d5 4. cxd5 Nxd5 5. e4 Nxc3 6. bxc3 Bg7 7. Bc4 c5 8. Ne2 Nc6 9. Be3 Qa5 10. O-O cxd4 11.
cxd4 Bg4 12. f3 Bd7 13. Rb1 b6 14. a4 Nb4 15. Bd2 Bxa4 16. Qe1 Nc2 17. Bxa5 Nxe1 18. Bxe1 Bc2 19. Rb4 O-O 20. Bf2 e6 21. Rc1 1-0

[Event "Live Chess"]
[Site "Chess.com"]
[Date "2023.05.20"]
[Round "-"]
[White "chessleanstrategist"]
[Black "DerbyKnight"]
[Result "0-1"]
[WhiteElo "390"]
[BlackElo "1599"]
[TimeControl "300"]
[EndTime "11:00:25 PDT"]
[Termination "DerbyKnight won by resignation"]

1. c4 e6 2. g3 d5 3. b3 Nf6 4. d4 Bb4+ 5. Bd2 a5 6. Bxb4 axb4 7. Bg2 O-O 8. Nf3 Ne4 9. O-O Nc6 10. Nfd2 Nxd4 11. Nxe4 dxe4 12. Bxe4 e5 13. e3 Ne6 14.
Bg2 Nc5 15. Qc2 Qe7 16. Nd2 f5 17. f4 e4 18. a4 bxa3 19. Nb1 Nd3 20. Rxa3 Rxa3 21.
Nxa3 Qxa3 22. Rd1 Be6 23. Rxd3 exd3 24. Qxd3 Qc1+ 25. Kf2 c6 26. e4 Qb2+ 27. Kg1 Qf6 28. e5 Qe7 29. b4 Rd8 30. Qc2 Qd7 31. Kf2 Qd2+ 32. Qxd2 Rxd2+ 33. Ke1 Rxg2 0-1

[Event "Live Chess"]
[Site "Chess.com"]
[Date "2023.05.20"]
[Round "-"]
[White "jameskwong"]
[Black "Ayush_prahlad_Gupta"]
[Result "0-1"]
[WhiteElo "2142"]
[BlackElo "1822"]
[TimeControl "300"]
[EndTime "11:00:34 PDT"]
[Termination "Ayush_prahlad_Gupta won by resignation"]

1. d4 d5 2. c4 Nf6 3. cxd5 Nxd5 4. e4 Nb6 5. Nc3 e5 6. d5 Bd6 7. Nf3 O-O 8. Be2 f5 9. O-O f4 10. Ne1 Qf6 11. Bg4 N8d7 12. Nd3 Qg6 13. Be6+ Kh8 14. Kh1 Nf6 15. Bxc8 Nxc8 16. f3 Ne7 17. b4 a6 18.
a4 Qh6 19. g3 Nh5 20. Kg2 Ng6 21. g4 Rf6 22. gxh5 Nh4+ 23. Kf2 Qxh5 24. Ke2 Rg6 25. Rf2 Rg2 26. Rxg2 Qxf3+ 27. Kd2 Qxg2+ 28. Qe2 Nf3+ 29. Kc2 Nd4+ 0-1

[Event "Live Chess"]
[Site "Chess.com"]
[Date "2023.05.20"]
[Round "-"]
[White "Prijmak"]
[Black "Zeraora719"]
[Result "1-0"]
[WhiteElo "1042"]
[BlackElo "796"]
[TimeControl "300"]
[EndTime "11:00:42 PDT"]
[Termination "Prijmak won by resignation"]

1. e4 e5 2. Nf3 Nc6 3. Bc4 f6 4. O-O Nge7 5. Nc3 d5 6. exd5 Nxd5 7. Nxd5 Qxd5 8. Bxd5 Be6 9. Bxe6 Nd8 10. Bd5 Nc6 11.
Bxc6+ Kd8 12. Bxb7 Rc8 13. Bxc8 Ke7 14. d4 e4 15. Ne1 f5 16. c3 1-0

[Event "Live Chess"]
[Site "Chess.com"]
[Date "2023.05.20"]
[Round "-"]
[White "FlyingChessKestrel13"]
[Black "Driftboard"]
[Result "1-0"]
[WhiteElo "2139"]
[BlackElo "695"]
[TimeControl "300"]
[EndTime "11:00:44 PDT"]
[Termination "FlyingChessKestrel13 won by checkmate"]

1. e4 e5 2. d4 exd4 3. c3 dxc3 4. Bc4 cxb2 5. Bxb2 Nf6 6. e5 Ng8 7. Nf3 Bb4+ 8. Kf1 d6 9. Qb3 Bc5 10. exd6 Qxd6 11.
Bxg7 Nf6 12. Bxf7+ Kd7 13. Bxh8 Ne4 14. Nbd2 Nxf2 15. Ne5+ Ke7 16. Qg3 Nxh1 17. Qg5+ Kf8 18. Bg7# 1-0

[Event "Live Chess"]
[Site "Chess.com"]
[Date "2023.05.20"]
[Round "-"]
[White "booktrunk"]
[Black "OceanFloater"]
[Result "1-0"]
[WhiteElo "1335"]
[BlackElo "986"]
[TimeControl "300"]
[EndTime "11:00:46 PDT"]
[Termination "booktrunk won by resignation"]

1. d4 c6 2. Nf3 d5 3. c3 Bf5 4. Bf4 e6 5. h3 Ne7 6. e3 Ng6 7. Bh2 c5 8. Na3 c4 9. Nb5 a6 10. Qa4 axb5 11. Qxa8 Nc6 12. Qxb7 Bd6 13. Qxc6+ Ke7 14.
Qxb5 Bxh2 15. Nxh2 e5 16. Qb4+ Ke6 17. dxe5 Nxe5 18.
Qb6+ Ke7 19. Qd4 Nd3+ 20. Bxd3 cxd3 21. g4 Be4 22. f3 Bg6 23. Rd1 Re8 24. h4 h6 25. Kf2 Kf8 26. Rhe1 Qa5 27. a3 Kg8 28. Qb4 Qa6 29. Rd2 d4 30. Qxd4 Qb5 31. a4 Qa6 32. b3 Qb7 33. b4 Qa6 34. b5 Qe6 35. a5 Qb3 36. b6 Ra8 37. Ra1 Ra6 38. Qd7 Qxc3 39.
Rda2 d2 40. Rxd2 Qxa1 41. Qc8+ Kh7 42. Qxa6 Qc3 43. Qe2 Qxa5 44. Rb2 Qa3 45. b7 Bd3 46.
Qd2 Bb5 47. b8=Q Qe7 48. Qxb5 1-0

[Event "Live Chess"]
[Site "Chess.com"]
[Date "2023.05.20"]
[Round "-"]
[White "garyjc"]
[Black "HoarseyHorsey"]
[Result "0-1"]
[WhiteElo "1033"]
[BlackElo "1386"]
[TimeControl "300"]
[EndTime "11:00:53 PDT"]
[Termination "HoarseyHorsey won on time"]

1. e4 c5 2. Nc3 Nc6 3. f4 g6 4. Bb5 Bg7 5. Nf3 e6 6. O-O Nge7 7. d3 O-O 8. Qe1 d6 9. Qh4 f6 10. f5 exf5 11. Bh6 Bd7 12. Bxg7 Kxg7 13. Bxc6 bxc6 14. Rae1 Rb8 15. b3 d5 16. exf5 Nxf5 17. Qa4 Qc7 18. Qa3 Qd6 19. Qxa7 c4 20. dxc4 d4 21. Ne4 Qf4 22. Qxd7+ Kh6 23. Nxd4 Qe5 24. Ng3 Qc5 25.
Nxf5+ gxf5 26. Rxf5 Rbd8 27. Qxd8 Rxd8 28. Rxc5 Rxd4 29.
Re6 Kg6 30. Kf2 Rd2+ 31. Ke3 Rxc2 32. Rcxc6 Rxa2 33. Rxf6+ Kg5 34. Rh6 Re2+ 0-1

[Event "Live Chess"]
[Site "Chess.com"]
[Date "2023.05.20"]
[Round "-"]
[White "mattihelenius2"]
[Black "jennybobby44"]
[Result "0-1"]
[WhiteElo "450"]
[BlackElo "1851"]
[TimeControl "300"]
[EndTime "11:00:55 PDT"]
[Termination "jennybobby44 won by resignation"]

1. d4 Nf6 2. c3 d5 3. Nf3 c5 4. dxc5 e6 5. Ne5 Bxc5 6. b4 Bb6 7. Nd2 Nc6 8. e3 Nxe5 9. f4 Ng6 10. Bb5+ Bd7 11. Bd3 Bxe3 12. Qe2 Bxf4 0-1

[Event "Live Chess"]
[Site "Chess.com"]
[Date "2023.05.20"]
[Round "-"]
[White "LL220284LL"]
[Black "Geomorph"]
[Result "1-0"]
[WhiteElo "2380"]
[BlackElo "1215"]
[TimeControl "300"]
[EndTime "11:01:01 PDT"]
[Termination "LL220284LL won by checkmate"]

1. b3 e5 2. Bb2 Nc6 3. Nf3 d6 4. e4 Bg4 5. h3 Bh5 6. g4 Bg6 7. d3 Be7 8. Bg2 h5 9. Nbd2 hxg4 10. hxg4 Rxh1+ 11. Bxh1 Nh6 12. Ng1 Qd7 13. Bf3 Nd4 14.
Bxd4 exd4 15. Qe2 O-O-O 16. O-O-O Re8 17. Nf1 d5 18. Kb1 Ba3 19. Qd2 Nxg4 20. Bxg4 Qxg4 21.
Ng3 Qe6 22. Qa5 Bc5 23. Qxc5 dxe4 24. dxe4 Bxe4 25. Nxe4 Qxe4 26. Qxa7 c5 27. Qxc5+ Kb8 28. Kb2 Rc8 29. Qd6+ Ka8 30. Rd2 Qe1 31. Nf3 Qe4 32. Nxd4 g6 33. Nb5 Qe1 34. Qa3+ Kb8 35. Qa7# 1-0

[Event "Live Chess"]
[Site "Chess.com"]
[Date "2023.05.20"]
[Round "-"]
[White "Pablo_dmp"]
[Black "Brooms1989"]
[Result "1-0"]
[WhiteElo "1864"]
[BlackElo "1016"]
[TimeControl "300"]
[EndTime "11:01:02 PDT"]
[Termination "Pablo_dmp won by checkmate"]

1. e4 e5 2. Nc3 Nf6 3. f4 d5 4.
fxe5 Nxe4 5. Qf3 Nxc3 6. bxc3 Nc6 7. d4 Be7 8. Bd3 Bg5 9. Ne2 Bxc1 10. Rxc1 Qg5 11.
O-O O-O 12. Qxd5 Bh3 13. Ng3 Be6 14. Qe4 Qg6 15. d5 Qxe4 16. Bxe4 Nxe5 17. dxe6 fxe6 18. Rxf8+ Rxf8 19. Rf1 Rd8 20. Bxb7 Rd2 21. Ne4 Rxc2 22. Nc5 Rxc3 23. Nxe6 Nd3 24. Rf8# 1-0

[Event "Live Chess"]
[Site "Chess.com"]
[Date "2023.05.20"]
[Round "-"]
[White "Richardallis"]
[Black "Horseymobile"]
[Result "1-0"]
[WhiteElo "1650"]
[BlackElo "1236"]
[TimeControl "300"]
[EndTime "11:01:12 PDT"]
[Termination "Richardallis won by checkmate"]

1. d4 Nf6 2. Nf3 g6 3. Bg5 Bg7 4. Nbd2 d6 5. c3 Nc6 6. e4 O-O 7. Bc4 Bd7 8. Qe2 a6 9. h3 b5 10. Bb3 Bc8 11. e5 dxe5 12. dxe5 Nd5 13. O-O h6 14. Bh4 g5 15. Bg3 e6 16. Bc2 Bb7 17. Qe4 f5 18. exf6 Nxf6 19. Qxe6+ Kh8 20. Rad1 Re8 21. Qf5 Ne7 22. Qd3 Qc8 23. Ne5 Bd5 24. f4 Rd8 25. fxg5 Bxg2 26. Ng6+ Nxg6 27. Qxg6 Qxh3 28. Rxf6 Qh1+ 29. Kf2 Rxd2+ 30. Rxd2 hxg5 31. Rd1 Qh3 32. Rf7 Rf8 33. Rxf8+ Bxf8 34. Be5+ Bg7 35. Qxg7# 1-0

[Event "Live Chess"]
[Site "Chess.com"]
[Date "2023.05.20"]
[Round "-"]
[White "diana21strabt"]
[Black "misha464"]
[Result "1-0"]
[WhiteElo "1709"]
[BlackElo "759"]
[TimeControl "300"]
[EndTime "11:01:14 PDT"]
[Termination "diana21strabt won by resignation"]

1. e4 e5 2. Nf3 Nc6 3. d4 exd4 4. Bc4 d6 5. O-O Bg4 6. h3 Bxf3 7. Qxf3 Nf6 8. Re1 Be7 9. Bg5 O-O 10. Nd2 h6 11. Bxf6 Bxf6 12. Bd3 Ne5 13. Qf5 Nxd3 14.
cxd3 c5 15. Nf3 Re8 16. Rac1 a5 17. Nd2 b5 18. a4 Rc8 19. axb5 a4 20. Nc4 Re7 21. Qd5 Qd7 22. b6 Rb8 23. Ra1 Ra8 1-0

[Event "Live Chess"]
[Site "Chess.com"]
[Date "2023.05.20"]
[Round "-"]
[White "Jeffaroow"]
[Black "KuriyamaMiraiUA"]
[Result "0-1"]
[WhiteElo "461"]
[BlackElo "684"]
[TimeControl "300"]
[EndTime "11:01:18 PDT"]
[Termination "KuriyamaMiraiUA won by checkmate"]

1. e4 c6 2. Nf3 d5 3. d4 dxe4 4. Ng5 Nf6 5. Nc3 e6 6. Ncxe4 Be7 7. Nxf6+ Bxf6 8. Ne4 O-O 9. Nxf6+ Qxf6 10. Be3 e5 11. Bd3 exd4 12. Bxh7+ Kxh7 13. Qd3+ Kg8 14. Bxd4 Re8+ 15.
Kf1 Qe7 16. g3 c5 17. Be3 Rd8 18. Qc3 Nc6 19. Bxc5 Qe6 20. Re1 Qh3+ 21. Kg1 Bg4 22. Be7 Nxe7 23. Rxe7 Be6 24. f3 Rac8 25. Qb3 Rd1+ 26.
Kf2 Rxh1 27. Qxb7 Rxc2+ 28. Ke3 Re1+ 29. Kf4 Qf5# 0-1

[Event "Live Chess"]
[Site "Chess.com"]
[Date "2023.05.20"]
[Round "-"]
[White "BogdanBeleiUkraine"]
[Black "Tushinskiy"]
[Result "0-1"]
[WhiteElo "1174"]
[BlackElo "2108"]
[TimeControl "300"]
[EndTime "11:01:22 PDT"]
[Termination "Tushinskiy won by resignation"]

1. e4 e5 2. Bc4 d6 3. Nc3 Nf6 4.
Nge2 Be7 5. h3 O-O 6. O-O c6 7.
a4 Nbd7 8. f4 a6 9. f5 Nc5 10.
d3 d5 11. Ba2 dxe4 12. dxe4 Ncxe4 13. Nxe4 Nxe4 14. Be3 Qc7 15. Qd3 Nf6 16. Ng3 Rd8 17.
Qe2 b5 18. axb5 cxb5 19. Qf3 Bb7 20. Qe2 e4 21. Bg5 Qxg3 22. Bxf6 Bxf6 23. Qh5 Rd7 24. Rad1 e3 25. Rf3 Rxd1+ 0-1

[Event "Live Chess"]
[Site "Chess.com"]
[Date "2023.05.20"]
[Round "-"]
[White "Enhard"]
[Black "Tilbs_12"]
[Result "1-0"]
[WhiteElo "1451"]
[BlackElo "1576"]
[TimeControl "300"]
[EndTime "11:01:29 PDT"]
[Termination "Enhard won by resignation"]

1. d4 d5 2. Bf4 c5 3. c3 Nf6 4. e3 Bf5 5. Nf3 e6 6. h3 Nc6 7. Bb5 Bd6 8. Ne5 Rc8 9. Nxc6 bxc6 10.
Bxd6 Qxd6 11. Be2 O-O 12. O-O cxd4 13. exd4 c5 14. dxc5 Qxc5 15. Nd2 a5 16. Nf3 Rb8 17. Qc1 Rb6 18. Nd4 Bg6 19. a4 e5 20. Nf3 Qd6 21. Bb5 Rc8 22. Qd1 Ne4 23. Re1 f6 24. Qb3 Be8 25. Red1 Bxb5 26. axb5 Rd8 27. Rxa5 Nc5 28. Qa2 Kf7 29. Ra7+ Ke6 30. Ra5 Rdb8 31. c4 d4 32.
b4 e4 33. Nxd4+ Ke5 34. bxc5 Qxc5 35. Nc6+ Kf5 36. Nxb8 Rxb8 37. b6 1-0

[Event "Live Chess"]
[Site "Chess.com"]
[Date "2023.05.20"]
[Round "-"]
[White "KeithArkell"]
[Black "Outspanner"]
[Result "1-0"]
[WhiteElo "2612"]
[BlackElo "1534"]
[TimeControl "300"]
[EndTime "11:01:38 PDT"]
[Termination "KeithArkell won by resignation"]

1. d4 f5 2. Nc3 Nf6 3. Bg5 e6 4. e4 fxe4 5. Nxe4 Be7 6. Bxf6 Bxf6 7.
Nf3 O-O 8. Bd3 Nc6 9. c3 d6 10.
Qe2 a6 11. O-O-O b5 12. h4 b4 13. Neg5 bxc3 14. Qe4 g6 15. Qxc6 cxb2+ 16. Kb1 Bd7 17. Qc4 d5 18. Qc2 Qe7 19. Rde1 Bxg5 20. Nxg5 Rab8 21. f3 Qf6 22. Re5 Rb4 23. Qxc7 Rd8 24. Nxe6 Bxe6 25. Rxe6 Qxe6 26. Qxd8+ Kg7 27. Qc7+ Kg8 28.
Qe5 Qf7 29. Re1 Rb7 30. Bc2 Rc7 31. Qe8+ Qxe8 32. Rxe8+ Kf7 33. Re5 1-0

[Event "Live Chess"]
[Site "Chess.com"]
[Date "2023.05.20"]
[Round "-"]
[White "worldchessleaguelive"]
[Black "LiamBellwood"]
[Result "0-1"]
[WhiteElo "1388"]
[BlackElo "2079"]
[TimeControl "300"]
[EndTime "11:01:38 PDT"]
[Termination "LiamBellwood won by resignation"]

1. d4 e6 2. Bf4 f5 3. Nf3 Nf6 4.
e3 b6 5. Be2 Bb7 6. Nbd2 Bd6 7.
Bxd6 cxd6 8. c4 d5 9. cxd5 Bxd5 10. Bc4 Bb7 11. Qb3 O-O 12. Ng5 Re8 13. O-O Nc6 14.
Rac1 Na5 15. Qd3 Nxc4 16. Rxc4 Ba6 17. Rfc1 Bxc4 18. Nxc4 Rc8 19. Re1 h6 20. Nf3 d6 21.
Qa3 Rxc4 22. Qxa7 Qc7 0-1

[Event "Live Chess"]
[Site "Chess.com"]
[Date "2023.05.20"]
[Round "-"]
[White "smoggyrabbit"]
[Black "Delacorta"]
[Result "1-0"]
[WhiteElo "1622"]
[BlackElo "1422"]
[TimeControl "300"]
[EndTime "11:01:43 PDT"]
[Termination "smoggyrabbit won by resignation"]

1. d4 e6 2. Nf3 f5 3. e3 Nf6 4. Be2 d5 5. O-O Bd6 6. b3 O-O 7. Bb2 b6 8. c4 Ba6 9. Nbd2 Ne4 10. Nxe4 fxe4 11. Ne5 Bxe5 12. dxe5 c6 13. cxd5 cxd5 14. Rc1 Bxe2 15. Qxe2 Na6 16. Qxa6 1-0

[Event "Live Chess"]
[Site "Chess.com"]
[Date "2023.05.20"]
[Round "-"]
[White "ProfPoisson"]
[Black "TobyQuaite"]
[Result "0-1"]
[WhiteElo "1060"]
[BlackElo "1700"]
[TimeControl "300"]
[EndTime "11:01:53 PDT"]
[Termination "TobyQuaite won on time"]

1. e4 e6 2. d4 d5 3. e5 c5 4. c3 Nc6 5. Nf3 Qb6 6. Bd3 cxd4 7.
O-O dxc3 8. Nxc3 Nge7 9. Be3 d4 10. Nxd4 Nxd4 11. Qg4 Nec6 12. Bb5 Bc5 13. Qxg7 Rf8 14. Bxc6+ Nxc6 15. Bh6 Bd7 16. Ne4 O-O-O 17. Rac1 Bd4 18. Nd6+ Kb8 19. Nc4 Qa6 20. Rfd1 Qxa2 21. Ra1 Qxc4 22.
Qg3 Bxe5 23. Qa3 Rg8 24. Be3 Qa6 25. Qxa6 bxa6 26. Rxa6 Kb7 27. Rda1 Bxb2 28. Rb1 Kxa6 29. Rxb2 Rb8 0-1

[Event "Live Chess"]
[Site "Chess.com"]
[Date "2023.05.20"]
[Round "-"]
[White "Wlzard-1"]
[Black "LaupMiths"]
[Result "0-1"]
[WhiteElo "986"]
[BlackElo "1827"]
[TimeControl "300"]
[EndTime "11:01:57 PDT"]
[Termination "LaupMiths won on time"]

1. Nf3 Nf6 2. d4 d5 3. Nc3 g6 4.
g3 Bg7 5. Bg2 O-O 6. O-O b6 7.
Qd3 Bb7 8. Bg5 Nbd7 9. Ne5 h6 10. Nxd7 hxg5 11. Nxf8 Qxf8 12. Qb5 c6 13. Qd3 Bc8 14.
Qe3 g4 15. Qf4 Bf5 16. e4 dxe4 17. Nxe4 Nd5 18. Qd2 Rc8 19. Nc3 Nb4 20. Ne4 e6 21.
c3 Nd5 22. Ng5 Bh6 23. h4 gxh3 24. Bxd5 cxd5 25. f4 Bxg5 26. fxg5 Qd6 27. Kh2 Kg7 28.
Rf4 Rh8 29. Qe2 Kg8 30. Raf1 Rh7 31. a3 Qe7 32. Qf3 Qxg5 33. g4 Be4 34. Qg3 Qe7 0-1

[Event "Live Chess"]
[Site "Chess.com"]
[Date "2023.05.20"]
[Round "-"]
[White "matt1979"]
[Black "ClassyChameleon"]
[Result "0-1"]
[WhiteElo "1430"]
[BlackElo "1074"]
[TimeControl "300"]
[EndTime "11:01:57 PDT"]
[Termination "ClassyChameleon won by checkmate"]

1. f4 f5 2. e4 e6 3. d3 Bd6 4.
e5 Bc5 5. d4 Bb6 6. c3 Nc6 7. Nf3 Nge7 8. Bb5 O-O 9. Ng5 Ng6 10. g3 d5 11. Bxc6 bxc6 12. Nd2 c5 13. Ndf3 cxd4 14. cxd4 c5 15. h4 cxd4 16. Nxd4 Bxd4 17.
Qxd4 Qa5+ 18. Bd2 Qa6 19. h5 Ne7 20. h6 g6 21. a3 Nc6 22. Qc5 Bd7 23. b4 Qd3 24. Rg1 Nd4 25. Qe7 Qe2# 0-1

[Event "Live Chess"]
[Site "Chess.com"]
[Date "2023.05.20"]
[Round "-"]
[White "f4nomore"]
[Black "HD_IN4k"]
[Result "0-1"]
[WhiteElo "1368"]
[BlackElo "357"]
[TimeControl "300"]
[EndTime "11:01:58 PDT"]
[Termination "HD_IN4k won on time"]

1. d4 c5 2. dxc5 Nc6 3. Bg5 h6 4. Bh4 Qa5+ 5. Nc3 g5 6. Bg3 Bg7 7. Qd2 Qxc5 8. Nf3 d6 9. e3 Bd7 10. Be2 Rc8 11. O-O g4 12. Ne4 Qb6 13. Nh4 f5 14.
Nxd6+ exd6 15. Qxd6 Nce7 16. Qxb6 axb6 17. c3 Nf6 18. Rad1 Ne4 19. Bd6 Bf8 20. Bxe7 Bxe7 21. Ng6 Rg8 22. Ne5 Bc6 23. Bc4 Rf8 24. Ng6 Rf6 25. Nxe7 Kxe7 26. f3 gxf3 27. Rxf3 Nxc3 28.
bxc3 Bxf3 29. gxf3 Rxc4 30. Kf2 Rxc3 0-1

[Event "Live Chess"]
[Site "Chess.com"]
[Date "2023.05.20"]
[Round "-"]
[White "MaximKris"]
[Black "AbilifyXL"]
[Result "1-0"]
[WhiteElo "1875"]
[BlackElo "1952"]
[TimeControl "300"]
[EndTime "11:02:09 PDT"]
[Termination "MaximKris won by checkmate"]

1. e4 d5 2. exd5 Qxd5 3. Nc3 Qa5 4. Nf3 c6 5. d4 Nf6 6. Bd3 Bg4 7. O-O e6 8. h3 Bh5 9. Be3 Nbd7 10. Qe2 Ke7 11.
a3 Ke8 12. b4 Qc7 13. b5 c5 14. dxc5 Bxc5 15. Bxc5 Qxc5 16. Ne4 Nxe4 17. Qxe4 Bg6 18.
Qxb7 Rd8 19. Bxg6 hxg6 20. Rfe1 Qb6 21. Qxb6 axb6 22. Rad1 Ke7 23. Nd4 Ra8 24. Nc6+ Ke8 25. Rd3 Nc5 26. Rde3 Rh4 27. Rd1 Rha4 28. Kh2 Rxa3 29.
Rxa3 Rxa3 30. Rd8# 1-0

[Event "Live Chess"]
[Site "Chess.com"]
[Date "2023.05.20"]
[Round "-"]
[White "lHolyDiverl"]
[Black "lateforthesky"]
[Result "0-1"]
[WhiteElo "562"]
[BlackElo "2071"]
[TimeControl "300"]
[EndTime "11:02:10 PDT"]
[Termination "lateforthesky won on time"]

1. e4 c5 2. Nf3 Nf6 3. Nc3 d5 4. d4 dxe4 5. Ne5 cxd4 6. Ne2 Nc6 7. Nxc6 bxc6 8. Qxd4 Qxd4 9. Nxd4 Bb7 10. Be2 O-O-O 11. c3 e5 12. Nf5 Bc5 13. Be3 Bxe3 14. fxe3 Nd5 15. Rd1 g6 16. Nh6 Rhf8 17. O-O f5 18.
Rd2 Nxe3 19. Rxd8+ Kxd8 20. Re1 Nd5 21. g4 f4 22. g5 f3 23. Bc4 f2+ 24. Kf1 fxe1=Q+ 25. Kxe1 Rf4 0-1

[Event "Live Chess"]
[Site "Chess.com"]
[Date "2023.05.20"]
[Round "-"]
[White "misha464"]
[Black "Richardallis"]
[Result "0-1"]
[WhiteElo "759"]
[BlackElo "1651"]
[TimeControl "300"]
[EndTime "11:02:10 PDT"]
[Termination "Richardallis won by resignation"]

1. e4 d5 2. exd5 Nf6 3. Nc3 Nxd5 4. Nxd5 Qxd5 5. b3 Qe5+ 6. Be2 Qxa1 7. Ba3 Qxd1+ 8. Bxd1 e6 9. Bxf8 Rxf8 10. Bf3 c6 11.
Ne2 e5 12. Be4 f5 13. Bxf5 Bxf5 14. Nd4 exd4 15. O-O Bxc2 16. Re1+ Kd7 17. Re7+ Kxe7 0-1